 Dungeon Crawl Stone Soup version 0.27.1-1-g398f81649c (webtiles) character file.

Game seed: 12193690154605685935

2548 speeev33 the Cleaver (level 9, -3/82 HPs)
             Began as a Hill Orc Fighter on Sept 16, 2021.
             Killed from afar by an electric eel (4 damage)
             ... with a bolt of electricity
             ... on level 7 of the Dungeon.
             The game lasted 00:12:44 (7474 turns).

speeev33 the Cleaver (Hill Orc Fighter)             Turns: 7474, Time: 00:12:44

Health: -3/82      AC: 15    Str: 28    XL:     9   Next: 56%
Magic:  9/9        EV: 22    Int: 10    God:
Gold:   295        SH: 11    Dex: 10    Spells: 8/8 levels left

rFire    . . .     SeeInvis .   a - +1 war axe
rCold    . . .     Faith    .   c - +0 kite shield
rNeg     + . .     Spirit   .   h - +0 chain mail
rPois    .         Reflect  .   n - +0 helmet
rElec    .         Harm     .   g - +0 cloak
rCorr    .         Rampage  .   (no gloves)
Will     ++...                  j - +1 pair of boots
Stlth    ..........             q - amulet of the acrobat
HPRegen  0.23/turn              s - +6 ring of strength
MPRegen  0.11/turn              l - ring "Buxuduly" {rN+ Will++ Int+2}

@: acrobatic
A: no striking features
a: no special abilities


You were on level 7 of the Dungeon.
You visited 1 branch of the dungeon, and saw 7 of its levels.

You collected 295 gold pieces.

Inventory:

Hand Weapons
 a - a +1 war axe (weapon)
 t - a +0 flail
Armour
 c - a +0 kite shield (worn)
 g - a +0 cloak (worn)
 h - a +0 chain mail (worn)
 j - a +1 pair of boots (worn)
 n - a +0 helmet (worn)
Jewellery
 l - the ring "Buxuduly" (right hand) {rN+ Will++ Int+2}
   (You acquired it on level 4 of the Dungeon)

   [ring of positive energy]

   Int:       It affects your intelligence (+2).
   rN:        It protects you from negative energy.
   Will:      It greatly increases your willpower.
 m - a +4 ring of protection
 q - an amulet of the acrobat (around neck)
 s - a +6 ring of strength (left hand)
Wands
 d - a wand of flame (15)
 i - a wand of paralysis (20)
Scrolls
 e - 2 scrolls of summoning
 f - a scroll of blinking
 k - a scroll of fear
 p - a scroll of enchant weapon
 w - a scroll of holy word {unknown}
 x - a scroll of magic mapping {unknown}
 y - a scroll of vulnerability {unknown}
Potions
 b - a potion of haste
 o - 3 potions of curing
 r - a potion of mutation
 u - a potion of berserk rage {unknown}
 v - 2 potions of resistance
 z - a potion of might


   Skills:
 + Level 8.4 Fighting
 + Level 8.7 Axes
 + Level 7.6 Armour
 + Level 7.7 Shields


You had 8 spell levels left.
You didn't know any spells.
Your spell library contained the following spells:

 Spells                   Type           Power      Damage    Failure   Level
 Beastly Appendage        Tmut           0%         N/A       99%         1
 Corona                   Hex            0%         N/A       99%         1
 Freeze                   Ice            0%         1d3       99%         1
 Blink                    Tloc           N/A        N/A       100%        2
 Ensorcelled Hibernation  Hex/Ice        0%         N/A       100%        2
 Wereblood                Tmut           0%         N/A       100%        2
 Frozen Ramparts          Ice            0%         1d2       100%        3
 Spider Form              Tmut/Pois      0%         N/A       100%        3
 Tukima's Dance           Hex            0%         N/A       100%        3
 Hailstorm                Conj/Ice       0%         3d3       100%        4
 Manifold Assault         Tloc           0%         N/A       100%        5
 Storm Form               Tmut/Air       0%         N/A       100%        7


Dungeon Overview and Level Annotations

Branches:
Dungeon (7/15)             Temple (0/1) D:5

Altars:
Dithmenos
Fedhas
Kikubaaqudgha
Nemelex Xobeh
Sif Muna
Trog
Yredelemnul
The Shining One

Shops:
D:7 **


Message History

The bolt of electricity misses you.
Found a fizzy dark potion.
The electric eel shoots out a bolt of lightning at you!
The bolt of electricity hits you!
You slash the electric eel!
The electric eel is heavily wounded.
The electric eel shoots out a bolt of lightning at you!
The bolt of electricity hits you.
The electric eel shoots out a bolt of lightning at you!
The bolt of electricity hits the electric eel.
The electric eel completely resists.
The bolt of electricity hits you!
The electric eel shoots out a bolt of lightning at you!
The bolt of electricity hits the electric eel.
The electric eel completely resists.
The bolt of electricity hits you.
You slash the electric eel!
You kill the electric eel!
The electric eel shoots out a bolt of lightning at you!
The bolt of electricity hits you.
The electric eel shoots out a bolt of lightning at you!
The bolt of electricity hits you.
The electric eel shoots out a bolt of lightning at you!
The bolt of electricity hits you!
The electric eel shoots out a bolt of lightning at you!
The bolt of electricity misses you. The orc closely misses you.
The electric eel shoots out a bolt of lightning at you!
The bolt of electricity misses you.
The electric eel shoots out a bolt of lightning at you!
The bolt of electricity hits you!
* * * LOW HITPOINT WARNING * * *
Unknown command.
The electric eel shoots out a bolt of lightning at you!
The bolt of electricity hits the orc!
The orc dies!
The bolt of electricity hits you!
* * * LOW HITPOINT WARNING * * *
The electric eel shoots out a bolt of lightning at you!
The bolt of electricity misses you.
The electric eel shoots out a bolt of lightning at you!
The bolt of electricity hits you.
You die...

♣≈.≈♣♣♣ .≈♣♣♣≈≈≈♣♣♣≈≈...
≈≈.≈≈≈≈≈.≈≈≈≈≈.≈≈≈≈≈≈...
.≈≈≈.......≈≈.!;;..≈.#
...................#
...................####.
...................##... ####
................)....... ##..#
.......# ##............######...#
##.....######...@##.....##.....##
##.....#.####.#....###.........##
..............#....##...........#
..............<.....#.##..##.#..#
...#........###.....#..#..####.#.
...#.........###....#.....###..#.
.............##))..........###...
.............#.)......####..##...
....#..........)#.....# #..#.##.


You could see 2 electric eels.

Vanquished Creatures
  Pikel (D:5)
  Sigmund (D:4)
  A water moccasin (D:7)
  A sky beast (D:5)
  A black bear (D:5)
  2 ogres
  A kobold brigand (D:7)
  3 bullfrogs
  A gnoll sergeant (D:5)
  2 scorpions
  A water moccasin skeleton (D:6)
  A howler monkey (D:6)
  An electric eel (D:7)
  A bullfrog zombie (D:5)
  A centaur zombie (D:6)
  2 centaur skeletons (D:5)
  A bullfrog skeleton (D:7)
  4 hounds
  An orc priest (D:4)
  2 jellies
  Ijyb (D:3)
  Natasha (D:1)
  2 iguanas
  5 orc wizards
  A howler monkey zombie (D:5)
  Robin (D:4)
  9 adders
  8 gnolls
  A howler monkey skeleton (D:5)
  A white imp (D:3)
  An ufetubus (D:4)
  A worm (D:2)
  4 dart slugs
  14 orcs
  4 bats
  6 endoplasms
  4 giant cockroaches
  15 goblins
  10 hobgoblins
  9 jackals
  6 quokkas
  8 ball pythons
  5 frilled lizards
  11 kobolds
  8 rats
165 creatures vanquished.

Vanquished Creatures (others)
  An orc wizard (D:3)
  An orc (D:7)
2 creatures vanquished.

Grand Total: 167 creatures vanquished

Notes
Turn   | Place    | Note
-------+----------+-------------------------------------------
     0 | D:1      | speeev33 the Hill Orc Fighter began the quest for the Orb.
     0 | D:1      | Reached XP level 1. HP: 19/19 MP: 1/1
   201 | D:1      | Reached XP level 2. HP: 22/27 MP: 2/2
   776 | D:1      | Reached XP level 3. HP: 27/33 MP: 3/3
  1547 | D:2      | Found a blossoming altar of Fedhas.
  1588 | D:2      | Reached XP level 4. HP: 30/40 MP: 4/4
  2191 | D:2      | Noticed Natasha
  2205 | D:1      | Killed Natasha
  2206 | D:1      | Reached XP level 5. HP: 35/46 MP: 5/5
  2834 | D:3      | Found a shimmering blue altar of Sif Muna.
  3055 | D:3      | Noticed Ijyb
  3071 | D:3      | Killed Ijyb
  3322 | D:3      | Reached skill level 5 in Fighting
  3322 | D:3      | Reached XP level 6. HP: 54/56 MP: 6/6
  4010 | D:4      | Noticed Sigmund
  4036 | D:4      | Killed Sigmund
  4037 | D:4      | Reached skill level 5 in Axes
  4037 | D:4      | Reached skill level 5 in Shields
  4151 | D:4      | Reached skill level 5 in Armour
  4243 | D:4      | Reached XP level 7. HP: 49/61 MP: 7/7
  4381 | D:4      | Found an ancient bone altar of Kikubaaqudgha.
  4382 | D:4      | Found a shadowy altar of Dithmenos.
  4382 | D:4      | Found a glowing golden altar of the Shining One.
  4392 | D:4      | Found a sparkling altar of Nemelex Xobeh.
  4545 | D:4      | Found a basalt altar of Yredelemnul.
  4600 | D:4      | Noticed Robin
  4610 | D:4      | Killed Robin
  4650 | D:4      | Identified a scroll of acquirement
  4650 | D:4      | Acquired the ring "Buxuduly" {rN+ Will++ Int+2}
  4960 | D:5      | Entered Level 5 of the Dungeon
  5118 | D:5      | Noticed Pikel
  5142 | D:5      | Killed Pikel
  5143 | D:5      | Reached XP level 8. HP: 56/71 MP: 8/8
  5310 | D:5      | Found a staircase to the Ecumenical Temple.
  5564 | D:5      | Found a bloodstained altar of Trog.
  6078 | D:5      | Reached XP level 9. HP: 61/80 MP: 9/9
  7183 | D:7      | Found Kokk's General Store.
  7185 | D:7      | Found Sekhlemi's Specific Store.
  7473 | D:7      | HP: 1/82 [electric eel/bolt of electricity (11)]
  7474 | D:7      | Killed from afar by an electric eel

Illustrated notes

Levels and vault maps discovered:
D:1:      matt_arrival_los_fun, layout_basic
D:2:      layout_rooms, basic_altar, minmay_tetromino_i2, uniq_natasha
D:3:      layout_loops_corners, lemuel_round_altar, uniq_ijyb
D:4:      layout_loops_cross, mainiacjoe_overflow_boulevard,
          nicolae_overflow_quartered_altars, amcnicky_mini_corridor_feature,
          uniq_robin, uniq_sigmund
D:5:      layout_loops_ring, lightli_temple_of_fire, temple_statues,
          st_stairs_9, uniq_pikel
D:6:      layout_cave_pods, minmay_liquid_box
D:7:      layout_cave_pools, nicolae_specific_store, kb_lookout_dungeons_type,
          kennysheep_boxes, uniq_crazy_yiuf_cottage, uniq_menkaure

Skill      XL: |  1  2  3  4  5  6  7  8  9 |
---------------+----------------------------+-----
Axes           | 3 4 5 6 7 8 |  8.7
Fighting       | 4 5 6 7 8 |  8.4
Shields        | 4 5 6 7 |  7.7
Armour         | 4 5 6 7 |  7.6

Action                   |  1- 3 |  4- 6 |  7- 9 || total
-------------------------+-------+-------+-------++-------
Melee: War axe           |   141 |   172 |   295 ||   608
  Use: Scroll            |     5 |     1 |     7 ||    13
       Potion            |     1 |     2 |       ||     3
 Stab: Invisible         |       |     1 |       ||     1
Armor: Scale mail        |    70 |    33 |       ||   103
       Chain mail        |       |    71 |   180 ||   251
Dodge: Dodged            |    50 |    48 |   119 ||   217
Block: Kite shield       |    92 |    87 |   173 ||   352
